cohdb
Replays
Latest Replays
All Replays
Popular Replays
Top Player Replays
Match Explorer
How It Works
Community
CoH3 Stats
Reddit
Sign in to upload your games and track your stats! →
Sign in with Steam
Match 42937786
Unlisted
Match 42937786
Overview
Messages
Build Orders
End
Construct Section Command Post
Royal Engineer Section
Vickers Machine Gun Team
Infantry Section
Construct Field Infirmary
Construct Platoon Command Post
6-pounder Anti-tank Gun Team
Infantry Section
Infantry Section
Infantry Section
Selects Heavy Armor Battlegroup
Selects Light Vehicle Withdraw and Refit
Selects UNKNOWN (202330)
Selects Rigorous Vehicle Training
Construct Company Command Post
Crusader AA Medium Tank
Crusader AA Medium Tank
Selects Forward Repair Assembly
Selects UNKNOWN (2162094)
Churchill IV Heavy Tank
ExNihilo
johnson
Sid
Dude
Megapint
O.o? Očko
Trap_Lord187
ObZen
0
0
Comments
sign in to comment!
No comments posted yet!